 Dungeon Crawl Stone Soup version 0.25.0-9-g26727b657a (webtiles) character file.

Game seed: 13050330759876712956

795 Masnef the Chiller (level 8, 0/52 HPs)
             Began as a Human Ice Elementalist on June 19, 2020.
             Was a Follower of Qazlal.
             Shot with an arrow by a centaur (13 damage)
             ... on level 5 of the Dungeon.
             The game lasted 00:41:00 (6947 turns).

Masnef the Chiller (Human Ice Elementalist)         Turns: 6947, Time: 00:41:01

Health: 0/52       AC:  4    Str:  9    XL:     8   Next: 13%
Magic:  9/12       EV: 12    Int: 16    God:    Qazlal [*.....]
Gold:   231        SH:  1    Dex: 15    Spells: 4/12 levels left

rFire    . . .     SeeInvis .   f - +1 hand axe
rCold    . . .     Gourm    .   (no shield)
rNeg     . . .     Faith    .   b - +0 leather armour
rPois    .         Spirit   .   (no helmet)
rElec    .         Reflect  .   (no cloak)
rCorr    .         Harm     .   l - +0 pair of gloves
MR       .....                  (no boots)
Stlth    ++........             (no amulet)
HPRegen  0.17/turn              (no ring)
MPRegen  0.13/turn              (no ring)

@: frozen ramparts
A: no striking features
a: Renounce Religion


You were on level 5 of the Dungeon.
You worshipped Qazlal.
Qazlal was aware of your devotion.
You were hungry.

You visited 1 branch of the dungeon, and saw 5 of its levels.

You collected 231 gold pieces.

Inventory:

Hand Weapons
 f - a +1 hand axe (weapon)
 g - a +0 dagger
Missiles
 d - 220 stones (quivered)
Armour
 a - a +0 robe
 b - a +0 leather armour (worn)
 i - the +1 robe of Ethereal Creativity {Str-3 Dex+3 SInv}
   (You took it off an orc priest on level 4 of the Dungeon)

   It affects your strength (-3).
   It affects your dexterity (+3).
   It lets you see invisible.
 k - a +0 plate armour
 l - a +0 pair of gloves (worn)
Scrolls
 h - 3 scrolls of identify
 j - a scroll of fog {unknown}
 m - a scroll of immolation {unknown}
Potions
 e - a potion of cancellation
Comestibles
 c - 7 rations
 n - 3 chunks of flesh


   Skills:
 * Level 4.5 Axes
 - Level 0.1 Throwing
 + Level 2.7 Armour
 - Level 2.1 Dodging
 + Level 2.7 Stealth
 - Level 2.7 Spellcasting
 + Level 6.9 Ice Magic


You had 4 spell levels left.
You knew the following spells:

 Your Spells              Type           Power        Failure   Level  Hunger
a - Freeze                Ice            ###.         1%          1    #......
b - Frozen Ramparts       Ice            ###...       4%          3    ###....
c - Summon Ice Beast      Ice/Summ       ##......     54%         4    #####..

Your spell library contained the following spells:

 Spells                   Type           Power        Failure   Level  Hunger
 Ozocubu's Armour         Chrm/Ice       ##......     19%         3    ###....
 Hailstorm                Conj/Ice       ##......     54%         4    #####..


Dungeon Overview and Level Annotations

Branches:
Dungeon (5/15)             Temple (0/1) D:5

Altars:
Cheibriados
Qazlal
Sif Muna
Trog

Annotations:
D:4 2 transporters


Message History

You see here 2 arrows.
The centaur shoots an arrow.
The arrow hits you!
You see here 2 arrows.
Casting: Frozen Ramparts (dangerous; 4% risk of failure)
Confirm with . or Enter, or press ? or * to list all spells.
You can't see any susceptible monsters within range! (Use Z to cast anyway.)
Casting: Frozen Ramparts (dangerous; 4% risk of failure)
Confirm with . or Enter, or press ? or * to list all spells.
The walls around you are covered in ice.
You are feeling hungry.
You see here a chain mail.
The wall freezes the centaur.
The centaur shoots an arrow.
The arrow hits you!
You see here an arrow.
The wall freezes the centaur.
The centaur shoots an arrow.
The arrow closely misses you.
The wall freezes the centaur.
The centaur shoots an arrow.
The arrow hits you!
* * * LOW HITPOINT WARNING * * *
You see here an arrow.
The wall freezes the centaur.
The centaur shoots an arrow.
The arrow hits you!
You die...

#c. #.# #.# #.# #.# #.#
#c######## #((..[((.#
########@# #### #.#
...# #.# ##.# #.# #.#
#.# #.# #.# #.# #.# #.#
#.# #.# #.# ##.#
##########.##.#.# ...#
......>..<....#.#######


You could see a centaur.

Vanquished Creatures
  A sky beast (D:3)
  A phantom (D:4)
  A bullfrog (D:5)
  A scorpion (D:5)
  A centaur zombie (D:5)
  2 hounds (D:4)
  3 orc priests (D:4)
  An orc wizard (D:3)
  A bullfrog skeleton (D:4)
  A centaur skeleton (D:4)
  A worker ant (D:4)
  A hound zombie (D:3)
  4 gnolls (D:3)
  6 adders
  2 oozes
  A dart slug (D:1)
  2 leopard geckos (D:3)
  9 orcs
  5 giant cockroaches
  8 goblins
  7 hobgoblins
  7 jackals
  A ball python (D:1)
  5 bats
  6 frilled lizards
  A jackal skeleton (D:4)
  15 kobolds
  A quokka skeleton (D:4)
  6 rats
101 creatures vanquished.

Notes
Turn   | Place    | Note
-------+----------+-------------------------------------------
     0 | D:1      | Masnef the Human Ice Elementalist began the quest for the
                  | Orb.
     0 | D:1      | Reached XP level 1. HP: 13/13 MP: 3/3
   196 | D:1      | Reached XP level 2. HP: 19/19 MP: 3/5
   522 | D:1      | Reached skill level 1 in Axes
   855 | D:1      | Reached XP level 3. HP: 24/24 MP: 3/6
   890 | D:1      | Learned a level 3 spell: Frozen Ramparts
  1635 | D:2      | Reached XP level 4. HP: 30/30 MP: 3/7
  2056 | D:2      | Found a shimmering blue altar of Sif Muna.
  2056 | D:2      | Found a stormy altar of Qazlal.
  2072 | D:2      | Became a worshipper of Qazlal Stormbringer
  2477 | D:3      | Reached skill level 1 in Armour
  2477 | D:3      | Reached XP level 5. HP: 25/35 MP: 2/9
  2724 | D:3      | Noticed a sky beast
  3076 | D:3      | Reached skill level 5 in Ice Magic
  3421 | D:3      | Learned a level 4 spell: Summon Ice Beast
  3483 | D:3      | Killed a sky beast
  3483 | D:3      | Reached XP level 6. HP: 19/41 MP: 3/10
  3789 | D:3      | Found a snail-covered altar of Cheibriados.
  3993 | D:4      | Noticed a phantom
  4084 | D:4      | Found a bloodstained altar of Trog.
  4117 | D:4      | Reached skill level 6 in Ice Magic
  4118 | D:4      | Reached * piety under Qazlal
  4120 | D:4      | Reached XP level 7. HP: 25/46 MP: 2/11
  4186 | D:5      | Entered Level 5 of the Dungeon
  4672 | D:4      | Identified the +1 robe of Ethereal Creativity {Str-3 Dex+3
                  | SInv}
  5321 | D:4      | Found a transporter.
  5342 | D:4      | Found a transporter.
  6729 | D:5      | Reached XP level 8. HP: 52/52 MP: 8/12
  6785 | D:5      | Found a staircase to the Ecumenical Temple.
  6947 | D:5      | Shot with an arrow by a centaur

Illustrated notes

Levels and vault maps discovered:
D:1:      lightli_arrival_statue_moat, layout_loops_ring, minmay_statues_item
D:2:      layout_loops_cross, gammafunk_temple_overflow_elements, first_ration
D:3:      layout_rooms, lemuel_round_altar
D:4:      gammafunk_wand_slinger, layout_basic, overflow_temple_1_default,
          grunt_decor_cap
D:5:      layout_loops_ring, temple_pool_b, uniq_eustachio

Skill      XL: |  1  2  3  4  5  6  7 |
---------------+----------------------+-----
Axes           | 1 2 4 |  4.5
Armour         | 1 2 |  2.7
Ice Magic      | 5 6 |  6.9
Throwing       | |  0.1
Dodging        | |  2.1
Stealth        | |  2.7
Spellcasting   | |  2.7

Action                   |  1- 3 |  4- 6 |  7- 9 || total
-------------------------+-------+-------+-------++-------
Melee: Unarmed           |       |     1 |       ||     1
       Hand axe          |       |    15 |    66 ||    81
Throw: Stone             |    25 |     7 |       ||    32
 Cast: Freeze            |    47 |    65 |       ||   112
       Frozen Ramparts   |       |     4 |    17 ||    21
  Use: Scroll            |     1 |     4 |     4 ||     9
       Potion            |       |     4 |     1 ||     5
  Eat: Chunk             |     3 |     8 |     7 ||    18
       Ration            |       |       |     1 ||     1
Armor: Leather armour    |     8 |    16 |    12 ||    36
       Robe              |     2 |       |     1 ||     3
Dodge: Dodged            |    28 |    53 |    60 ||   141
Block: Other             |       |       |     2 ||     2
